 Dungeon Crawl Stone Soup version 0.29-a0-490-g77b3608bb8 (webtiles) character file.

Game seed: 10157841976820787598

2182 bande the Chopper (level 9, -4/55 HPs)
             Began as a Gargoyle Fighter on May 26, 2022.
             Was a Believer of Okawaru.
             Slain by Joseph
             ... wielding a +0 quarterstaff
              (7 damage)
             ... on level 7 of the Dungeon.
             The game lasted 00:10:44 (6256 turns).

bande the Chopper (Gargoyle Fighter)                Turns: 6256, Time: 00:10:44

Health: -4/55      AC: 20    Str: 21    XL:     9   Next: 33%
Magic:  11/11      EV:  6    Int:  8    God:    Okawaru [**....]
Gold:   386        SH:  6    Dex: 13    Spells: 8/8 levels left

rFire   . . .      SeeInvis .   a - +1 war axe (vamp)
rCold   . . .      Faith    .   c - +1 buckler
rNeg    + . .      Spirit   .   u - +0 plate armour
rPois   ∞          Reflect  .   (no helmet)
rElec   +          Harm     .   o - scarf {+Inv}
rCorr   .          Rampage  .   (no gloves)
Will    .....                   l - +0 pair of boots
Stlth   ..........              (no amulet)
HPRegen 0.18/turn               (no ring)
MPRegen 0.12/turn               (no ring)

@: studying Short Blades
A: sickness immunity, AC +6, negative energy resistance 1, electricity
resistance, torment resistance 1, petrification resistance
a: Renounce Religion, Evoke Invisibility, Heroism


You were on level 7 of the Dungeon.
You worshipped Okawaru.
Okawaru was pleased with you.
You visited 2 branches of the dungeon, and saw 8 of its levels.

You collected 386 gold pieces.

Inventory:

Hand Weapons
 a - a +1 vampiric war axe (weapon)
 m - a +0 flail
 v - a +0 war axe
Missiles
 d - a throwing net (quivered)
Armour
 c - a +1 buckler (worn)
 l - a +0 pair of boots (worn)
 o - a scarf of invisibility (worn)
 u - a +0 plate armour (worn)
Jewellery
 k - a ring of wizardry
Wands
 p - a wand of flame (24)
Scrolls
 h - a scroll of brand weapon
 i - a scroll of silence
 j - 2 scrolls of teleportation
 r - 3 scrolls of identify
 w - a scroll of amnesia
Potions
 b - 2 potions of curing
 e - 3 potions of magic
 f - a potion of invisibility
 g - 2 potions of heal wounds
 n - a potion of cancellation


   Skills:
 + Level 5.8 Fighting
 + Level 7.8 Axes
 + Level 6.5 Armour
 + Level 5.2 Shields
 * Level 3.7 Invocations
 * Level 1.3 Evocations


You had 8 spell levels left.
You didn't know any spells.
Your spell library contained the following spells:

 Spells                   Type           Power      Damage    Failure   Level
 Freeze                   Ice            0%         1d3       100%        1
 Slow                     Hex            0%         N/A       100%        1
 Confusing Touch          Hex            0%         N/A       100%        3
 Conjure Flame            Conj/Fire      0%         6-21      100%        3
 Frozen Ramparts          Ice            0%         1d2       100%        3
 Ignite Poison            Fire/Tmut/Pois 0%         N/A       100%        3
 Mephitic Cloud           Conj/Pois/Air  0%         N/A       100%        3
 Vampiric Draining        Necr           0%         2d6       100%        3
 Hailstorm                Conj/Ice       0%         3d3       100%        4
 Sticky Flame             Conj/Fire      0%         2d3       100%        4
 Freezing Cloud           Conj/Ice/Air   0%         6-21      100%        5
 Summon Small Mammal      Summ           Unusable   N/A       N/A         1
 Animate Armour           Summ/Erth      Unusable   N/A       N/A         4
 Monstrous Menagerie      Summ           Unusable   N/A       N/A         7
 Summon Horrible Things   Summ           Unusable   N/A       N/A         8

Dungeon Overview and Level Annotations

Branches:
Dungeon (7/15)             Temple (1/1) D:5

Altars:
Ashenzari
Cheibriados
Dithmenos
Elyvilon
Fedhas
Gozag
Hepliaklqana
Kikubaaqudgha
Nemelex Xobeh
Okawaru
Qazlal
Ru
Sif Muna
Trog
Uskayaw
Vehumet
Xom
Yredelemnul
Zin
The Shining One

Shops:
D:6 (

Annotations:
D:7 Joseph


Innate Abilities, Weirdness & Mutations

You are immune to sickness and miasma.
Your stone body is resilient. (AC +6)
You are immune to poison.
You resist negative energy. (rN+)
You are resistant to electric shocks. (rElec)
You are resistant to unholy torment.
You are immune to petrification.


Message History

You barely miss Joseph.
Joseph is lightly wounded.
Joseph hits you with a +0 quarterstaff!
You are too injured to fight recklessly!
You are too injured to fight recklessly!
You are too injured to fight recklessly!
You are too injured to fight recklessly!
You are too injured to fight recklessly!
You are too injured to fight recklessly!
You are too injured to fight recklessly!
You are too injured to fight recklessly!
You are too injured to fight recklessly!
You are too injured to fight recklessly!
You barely miss Joseph.
Joseph is lightly wounded.
You block Joseph's attack. Joseph hits you with a +0 quarterstaff!
You hit Joseph.
Joseph is lightly wounded.
Joseph hits you with a +0 quarterstaff!
* * * LOW HITPOINT WARNING * * *
You slash Joseph!
You feel better.
Joseph is moderately wounded.
Joseph hits you but does no damage.
You slash Joseph!
You feel better.
Joseph is heavily wounded.
Joseph hits you with a +0 quarterstaff.
* * * LOW HITPOINT WARNING * * *
You slash Joseph!
Joseph is severely wounded.
You block Joseph's attack.
You hit Joseph.
You feel better.
Joseph is severely wounded.
Joseph hits you with a +0 quarterstaff!
* * * LOW HITPOINT WARNING * * *
Joseph hits you with a +0 quarterstaff.
* * * LOW HITPOINT WARNING * * *
You hit Joseph.
Joseph is severely wounded.
Joseph hits you with a +0 quarterstaff!
You die...

# #.# # #.# # #.# # #.#
# #.# # #.# # #.#
#####################.#
................@@....#
#######################


You could see Joseph.

Vanquished Creatures
  A hornet (D:7)
  2 water moccasins (D:7)
  A sky beast (D:7)
  2 ice beasts
  A black bear (D:4)
  3 phantoms (D:5)
  3 kobold brigands
  A bullfrog (D:7)
  2 scorpions (D:5)
  A howler monkey (D:7)
  A jelly (D:5)
  A hound (D:5)
  3 orc priests
  A gnoll shaman (D:7)
  Jessica (D:2)
  3 iguanas
  4 orc wizards
  12 gnolls
  8 adders
  A shadow imp (D:5)
  2 white imps
  An ufetubus (D:5)
  3 worms
  4 dart slugs
  22 orcs
  7 endoplasms
  3 giant cockroaches
  7 goblins
  3 hobgoblins
  15 kobolds
  2 quokkas
  5 ball pythons
  2 bats
  3 frilled lizards
  3 goblin skeletons (D:7)
  4 hobgoblin zombies (D:7)
  2 kobold skeletons (D:7)
  2 kobold zombies (D:7)
  8 rats
150 creatures vanquished.

Vanquished Creatures (others)
  5 plants (D:6)
5 creatures vanquished.

Grand Total: 155 creatures vanquished

Notes
Turn   | Place    | Note
-------+----------+-------------------------------------------
     0 | D:1      | bande the Gargoyle Fighter began the quest for the Orb.
     0 | D:1      | Reached XP level 1. HP: 14/14 MP: 1/1
   264 | D:1      | Reached XP level 2. HP: 13/19 MP: 2/2
   267 | D:1      | Reached skill level 2 in Axes
   675 | D:2      | Reached XP level 3. HP: 20/23 MP: 3/3
   941 | D:2      | Reached skill level 3 in Axes
   973 | D:2      | Reached XP level 4. HP: 23/29 MP: 4/4
  1053 | D:2      | Noticed Jessica
  1056 | D:2      | Killed Jessica
  1297 | D:3      | Found a bloodstained altar of Trog.
  1322 | D:3      | Got the Guide on Calling
  1440 | D:3      | Found a faded altar of an unknown god.
  1589 | D:3      | Found a white marble altar of Elyvilon.
  1844 | D:3      | Found an opulent altar of Gozag.
  1916 | D:3      | Reached XP level 5. HP: 24/33 MP: 5/5
  2842 | D:4      | Noticed a black bear
  2937 | D:4      | Reached skill level 4 in Axes
  2984 | D:4      | Killed a black bear
  2985 | D:4      | Reached XP level 6. HP: 37/39 MP: 6/6
  3251 | D:5      | Entered Level 5 of the Dungeon
  3286 | D:5      | Reached XP level 7. HP: 40/44 MP: 7/7
  3290 | D:5      | Reached skill level 5 in Axes
  3308 | D:5      | Reached skill level 5 in Armour
  3521 | D:5      | Reached skill level 5 in Fighting
  3726 | D:5      | Found a staircase to the Ecumenical Temple.
  3800 | Temple   | Entered the Ecumenical Temple
  3848 | Temple   | Became a worshipper of Warmaster Okawaru
  3942 | D:5      | Reached skill level 6 in Axes
  3942 | D:5      | Reached XP level 8. HP: 34/49 MP: 8/8
  4589 | D:5      | Found a glowing silver altar of Zin.
  4669 | D:5      | Reached skill level 1 in Invocations
  5052 | D:6      | Found Uloizuri's Antique Weapon Shoppe.
  5447 | D:7      | Reached * piety under Okawaru
  5448 | D:7      | Reached skill level 7 in Axes
  5739 | D:7      | Noticed a hornet
  5743 | D:7      | Reached skill level 5 in Shields
  5743 | D:7      | Reached XP level 9. HP: 47/54 MP: 11/11
  5758 | D:7      | Killed a hornet
  5761 | D:7      | Reached ** piety under Okawaru
  5784 | D:7      | Reached skill level 1 in Evocations
  6056 | D:7      | Found a glowing golden altar of the Shining One.
  6237 | D:7      | Noticed Joseph
  6256 | D:7      | Slain by Joseph

Illustrated notes

Levels and vault maps discovered:
D:1:      amcnicky_arrival_wind_blow, layout_rooms
D:2:      minmay_chambers_of_twos, layout_rooms, hex_medium, uniq_jessica
D:3:      layout_loops_corners, elyvilon_altar_4,
          mainiacjoe_overflow_large_starburst, chequers_ecumenical_altar_island,
          kennysheep_generic_room_10
D:4:      layout_gridville
D:5:      layout_basic, zin_scriptorium, minmay_temple_entry_glassed_door,
          serial_rivers, chequers_serial_rivers_room_b,
          chequers_serial_rivers_micro_c, chequers_serial_rivers_large_b,
          chequers_serial_rivers_room_a, minmay_manual_mail
D:6:      layout_loops_cross, serial_shops, nicolae_shop_advertising_works
          [nicolae_subvault_shop_adworks], serial_bayou_pond_c
D:7:      layout_basic, mainiacjoe_overflow_cross_hatched,
          nicolae_tso_besieged_by_evil, uniq_joseph
Temple:   nicolae_temple_elliptical

Skill      XL: |  1  2  3  4  5  6  7  8  9 |
---------------+----------------------------+-----
Axes           | 2 3 4 6 7 |  7.8
Fighting       | 4 5 |  5.8
Armour         | 4 5 6 |  6.5
Shields        | 4 5 |  5.2
Invocations    | 3 |  3.7
Evocations     | 1 |  1.3

Action                   |  1- 3 |  4- 6 |  7- 9 || total
-------------------------+-------+-------+-------++-------
Melee: War axe           |    90 |   130 |   290 ||   510
  Use: Scroll            |     7 |     3 |     7 ||    17
       Potion            |       |     3 |     1 ||     4
Armor: Scale mail        |    62 |    73 |    73 ||   208
       Plate armour      |       |       |   114 ||   114
Dodge: Dodged            |    55 |    60 |    76 ||   191
Block: Buckler           |    27 |    36 |    85 ||   148

Table legend: (Time is in decaauts)
 A = Elapsed time spent in this place.
 B = Non-inter-level travel time spent in this place.
 C = Inter-level travel time spent in this place.
 D = Time resting spent in this place.
 E = Time spent auto-exploring this place.
 F = Levels seen in this place.
 G = Mean time per level.
                   A        B        C        D        E       F      G
               +--------+--------+--------+--------+--------+-----+--------+
         Total |   6418 |   6162 |    256 |    471 |   4341 |   8 |  802.2 |
       Dungeon |   6328 |   6072 |    256 |    471 |   4312 |   7 |  904.0 |
        Temple |     89 |     89 |      0 |      0 |     29 |   1 |   89.0 |
               +--------+--------+--------+--------+--------+-----+--------+

Top non-repeatable levels by time:
     D:5: 1373 daAuts
     D:3: 1082 daAuts
     D:4: 1070 daAuts
     D:7: 872 daAuts
     D:6: 751 daAuts
     D:1: 681 daAuts
     D:2: 497 daAuts
  Temple: 89 daAuts
